AoeStats
← AriseFairTurtle

Black Forest

509784246Analyzed
3v3 RM · 5d ago on Sep 28, 2026· 35m 59s· 6 players
Game mode
Random Map
Map size
Normal (6 player)
Population
200
Speed
Normal
Resources
Standard
Victory
Conquest
Starting age
Dark Age
Ending age
Imperial Age
RankedLock teamsTeams togetherTeam positionsShared explorationLock speedFull tech treeHidden civsTurbo modeCheats
Victory
Defeat
🇨🇱 Burgundians · Chile
933
+15
🇲🇽 Hindustanis · Mexico
903
+16
🇲🇽 Mongols · Mexico
882
+17
🇺🇸 Maya · United States
946
-53
🇺🇸 Mongols · United States
908
-27
🇺🇸 Celts · United States
852
-38
PedroTheGreat46
9:07 Loom
11:26 Feudal Age
12:38 Horse Collar
12:47 Double-Bit Axe
16:56 Forging
22:50 Castle Age
22:24 Bloodlines
24:01 Wheelbarrow
23:35 Fletching
28:10 Iron Casting
27:42 Scale Barding Armor
27:30 Gold Mining
27:30 Stone Mining
30:45 Hand Cart
thernh
5:06 Loom
11:43 Feudal Age
12:53 Double-Bit Axe
14:52 Wheelbarrow
22:05 Castle Age
23:17 Stone Mining
23:49 Pikeman
28:24 Scale Mail Armor
35:18 Chain Mail Armor
AriseFairTurtle
12:07 Loom
15:37 Feudal Age
23:05 Double-Bit Axe
23:05 Horse Collar
27:01 Padded Archer Armor
26:52 Fletching
33:11 Castle Age
33:04 Gold Mining
33:59 Heavy Plow
34:16 Bow Saw
34:02 Crossbowman
34:52 Thumb Ring
Cesc
5:03 Loom
11:48 Feudal Age
12:34 Double-Bit Axe
14:53 Horse Collar
17:29 Castle Age
17:11 Fishing Lines
19:44 Bow Saw
19:42 Heavy Plow
20:13 Gillnets
23:19 Stone Mining
24:30 Wheelbarrow
27:39 Hand Cart
30:33 Imperial Age
29:23 Fletching
29:34 Padded Archer Armor
30:20 Bodkin Arrow
30:49 Ballistics
32:14 Gold Mining
32:46 Conscription
33:00 Bracer
33:15 Leather Archer Armor
34:04 Chemistry
33:50 Gold Shaft Mining
34:47 Elite Mangudai
36:18 Parthian Tactics
35:59 Thumb Ring
36:14 Husbandry
36:25 Bloodlines
36:26 Scale Barding Armor
36:33 Masonry
36:29 Siege Engineers
36:20 Murder Holes
NMX
0:29 Loom
14:37 Feudal Age
15:53 Double-Bit Axe
19:51 Castle Age
18:55 Forging
18:22 Man-at-Arms
19:15 Arson
19:20 Fishing Lines
22:16 Squires
22:39 Long Swordsman
24:02 Iron Casting
24:23 Stone Mining
26:02 Gillnets
25:54 Horse Collar
26:27 Bow Saw
26:27 Scale Mail Armor
26:31 Gold Mining
32:32 Grand Trunk Road
pdepardo
2:43 Loom
11:02 Feudal Age
9:37 Double-Bit Axe
14:16 Bow Saw
13:37 Man-at-Arms
20:21 Castle Age
19:05 Horse Collar
29:23 Imperial Age
27:11 Gold Mining
28:00 Wheelbarrow
32:41 Hand Cart
32:57 Town Watch
32:57 Pikeman
35:52 Chemistry
35:05 Halberdier
35:12 Halberdier
36:05 Heavy Plow
Connection lost

Rejoining the realm…

Still unreachable

The connection could not be restored.

Session expired

The server has moved on; the page needs a fresh start.